Map: Dusk Towers

Players

FeaR

  • Race: Protoss Protoss
  • League: Grandmaster

Lilbow - Winner!

  • Race: Protoss Protoss
  • League: Grandmaster

Event: DreamHack ZOWIE Open Leipzig

VOD

Have the link to the VOD?

Description

Time

  • Played on: Jan. 22, 2016, 9:20 a.m.
  • Length: 7:30

All games in this series

Show
View Real Time Build Order
Export as new Build Order

FeaR Protoss 

Build Orders: Blink Stalkers 

Get SALT Encoding   

  12  0:01  Probe (Chrono Boost)  
  13  0:11  Probe (Chrono Boost)  
  14  0:19  Pylon  
  14  0:22  Probe (Chrono Boost)  
  15  0:38  Probe (Chrono Boost), Gateway  
  16  0:44  Assimilator  
  16  0:48  Probe (Chrono Boost)  
  17  0:57  Pylon  
  17  0:59  Probe (Chrono Boost)  
  18  1:09  Probe (Chrono Boost)  
  19  1:15  Gateway  
  19  1:20  Probe (Chrono Boost)  
  19  1:25  Cybernetics Core  
  20  1:30  Probe (Chrono Boost)  
  21  1:41  Probe (Chrono Boost)  
  22  1:51  Nexus  
  22  1:53  Probe (Chrono Boost)  
  23  1:59  Assimilator  
  23  2:01  Warp Gate  
  23  2:05  Probe (Chrono Boost)  
  24  2:15  Probe (Chrono Boost)  
  25  2:16  Stalker (Chrono Boost)  
  27  2:27  Probe  
  28  2:33  Twilight Council  
  28  2:39  Probe (Chrono Boost)  
  31  2:47  Pylon  
  31  2:51  Probe (Chrono Boost)  
  30  3:01  Probe (Chrono Boost)  
  30  3:03  Probe (Chrono Boost)  
  32  3:09  Blink (Chrono Boost)  
  32  3:12  Probe x2  
  34  3:23  Probe  
  34  3:24  Mothership Core  
  37  3:27  Gateway  
  37  3:29  Gateway  
  37  3:30  Stalker  
  37  3:33  Probe  
  39  3:37  Pylon  
  38  3:49  Pylon  
  38  3:51  Probe  
  38  3:56  Probe  
  40  4:03  Probe  
  40  4:07  Probe  
  40  4:15  Probe  
  38  4:18  Probe  
  37  4:26  Robotics Facility  
  37  4:27  Probe (Chrono Boost)  
  37  4:29  Probe (Chrono Boost)  
  37  4:30  Sentry x2  
  43  4:37  Stalker  
  45  4:39  Probe (Chrono Boost)  
  45  4:40  Probe (Chrono Boost)  
  47  4:49  Probe (Chrono Boost)  
  46  5:02  Stalker x2  
  46  5:06  Probe x2 (Chrono Boost)  
  47  5:17  Probe x2 (Chrono Boost)  
  51  5:28  Assimilator  
  51  5:30  Nexus  
  51  5:31  Probe (Chrono Boost)  
  51  5:33  Probe (Chrono Boost)  
  51  5:34  Assimilator  
  51  5:42  Probe (Chrono Boost)  
  52  5:43  Probe (Chrono Boost)  
  52  5:45  Pylon  
  52  5:48  Observer  
  54  5:52  Probe (Chrono Boost)  
  54  5:54  Probe (Chrono Boost)  
  56  6:03  Probe (Chrono Boost)  
  56  6:04  Probe (Chrono Boost), Robotics Bay  
  58  6:18  Stalker, Gateway  
  62  6:20  Stalker  
  62  6:21  Stalker, Gateway  
  62  6:24  Probe (Chrono Boost)  
  62  6:25  Probe (Chrono Boost)  
  66  6:32  Gateway, Observer  
  67  6:34  Pylon  
  67  6:42  Probe (Chrono Boost)  
  67  6:45  Stalker, Probe (Chrono Boost)  
  71  6:48  Stalker  
  71  6:51  Stalker  
  75  7:12  Stalker x2  
  75  7:13  Pylon  
  79  7:16  Pylon  
  79  7:17  Sentry x2, Pylon  
  79  7:19  Pylon  
Show
View Real Time Build Order
Export as new Build Order

Lilbow Protoss - Winner!

Build Orders: 1 Gate Expand, Oracle Opening 

Get SALT Encoding   

  12  0:01  Probe (Chrono Boost)  
  13  0:11  Probe (Chrono Boost)  
  14  0:17  Pylon  
  14  0:22  Probe (Chrono Boost)  
  15  0:35  Probe (Chrono Boost)  
  16  0:36  Gateway  
  16  0:41  Assimilator  
  16  0:46  Probe (Chrono Boost)  
  17  0:56  Probe (Chrono Boost)  
  18  1:07  Probe (Chrono Boost)  
  19  1:18  Nexus  
  19  1:27  Cybernetics Core  
  19  1:30  Probe (Chrono Boost)  
  20  1:36  Assimilator  
  20  1:45  Gateway  
  20  1:48  Probe (Chrono Boost)  
  21  1:55  Pylon  
  22  2:05  Stalker (Chrono Boost)  
  23  2:13  Mothership Core  
  25  2:21  Warp Gate  
  25  2:29  Probe  
  25  2:34  Probe, Adept (Chrono Boost)  
  29  2:39  Probe, Adept (Chrono Boost)  
  32  2:46  Probe  
  32  2:50  Probe  
  33  2:52  Assimilator  
  34  2:58  Probe (Chrono Boost)  
  34  3:02  Probe (Chrono Boost)  
  36  3:06  Stargate  
  36  3:10  Probe (Chrono Boost)  
  38  3:13  Probe (Chrono Boost)  
  38  3:20  Probe (Chrono Boost)  
  38  3:23  Probe (Chrono Boost)  
  40  3:27  Pylon  
  40  3:31  Probe (Chrono Boost)  
  40  3:34  Probe (Chrono Boost)  
  43  3:41  Probe (Chrono Boost)  
  43  3:44  Probe (Chrono Boost)  
  44  3:52  Probe (Chrono Boost)  
  44  3:53  Probe (Chrono Boost)  
  46  3:56  Oracle (Chrono Boost)  
  46  4:02  Robotics Facility  
  49  4:03  Probe  
  49  4:04  Probe  
  51  4:14  Probe  
  51  4:15  Probe  
  51  4:20  Assimilator  
  49  4:24  Pylon  
  49  4:26  Probe (Chrono Boost)  
  49  4:27  Probe (Chrono Boost)  
  51  4:33  Sentry  
  51  4:37  Probe (Chrono Boost), Pylon  
  51  4:38  Void Ray  
  54  4:40  Pylon  
  54  4:43  Probe (Chrono Boost)  
  54  4:44  Sentry  
  61  4:51  Observer (Chrono Boost)  
  62  4:59  Nexus  
  62  5:00  Pylon  
  62  5:04  Probe  
  62  5:06  Pylon  
  67  5:14  Immortal (Chrono Boost)  
  67  5:15  Void Ray  
  67  5:19  Sentry x2  
  75  5:22  Probe x2  
  75  5:28  Gateway  
  77  5:34  Probe  
  78  5:37  Pylon  
  78  5:49  Immortal (Chrono Boost)  
  82  5:50  Sentry, Stalker  
  82  5:52  Void Ray  
  82  5:53  Gateway  
  86  6:03  Gateway  
  90  6:07  Gateway  
  90  6:20  Stalker x2  
  90  6:24  Warp Prism (Chrono Boost)  
  96  6:26  Stalker  
  96  6:31  Gateway  
  98  6:36  Pylon x2  
  98  6:49  Stalker x2  
  98  6:50  Stalker x2  
  106  7:14  Stalker x6  

Tags
 
Add a new tag
Caveats
  • Supply blocks, unpowered buildings, or Contaminate may cause inaccurate times.
  • Supply counts are checked every 10 seconds.